 Dungeon Crawl Stone Soup version 0.30-a0-570-g486de37d69 (webtiles) character file.

Game seed: 3208783557654696889

27 Bnni the Vexing (level 3, -1/26 HPs)
             Began as a Formicid Hexslinger on Dec 29, 2022.
             Slain by a jackal (3 damage)
             ... on level 2 of the Dungeon.
             The game lasted 00:01:24 (822 turns).

Bnni the Vexing (Formicid Hexslinger)                Turns: 822, Time: 00:01:24

Health: -1/26      AC:  2    Str: 14    XL:     3   Next: 25%
Magic:  2/5        EV: 12    Int: 14    God:
Gold:   89         SH:  0    Dex: 14    Spells: 0/4 levels left

rFire   . . .      SeeInvis +    a - +1 sling
rCold   . . .      Faith    .    (no shield)
rNeg    . . .      Spirit   .    c - +0 robe
rPois   .          Reflect  .    (helmet unavailable)
rElec   .          Harm     .    (no cloak)
rCorr   .          Rampage  .    (no gloves)
Will    .....                    (no boots)
Stlth   +                        e - amulet of the acrobat
HPRegen 0.24/turn                (no ring)
MPRegen 0.09/turn                (no ring)

@: no status effects
A: permanent stasis, dig shafts and tunnels, antennae 3, four strong arms
a: Dig, Shaft Self


You were on level 2 of the Dungeon.
You visited 1 branch of the dungeon, and saw 2 of its levels.

You collected 89 gold pieces.

Inventory:

Hand Weapons
 a - a +1 sling (weapon)
Armour
 c - a +0 robe (worn)
Jewellery
 e - an amulet of the acrobat (around neck)
 h - a ring of fire
 i - a ring of protection from fire
 l - a +5 ring of evasion
Scrolls
 b - a scroll of poison
 d - 2 scrolls of teleportation {unknown}
 g - 3 scrolls of identify {unknown}
 k - 3 scrolls of amnesia {unknown}
 m - a scroll of vulnerability {unknown}
 o - a scroll of enchant armour {unknown}
Potions
 f - a potion of brilliance {unknown}
 j - a potion of attraction {unknown}
 n - a potion of degeneration {unknown}
 p - a potion of flight {unknown}
 q - a potion of berserk rage {unknown}


   Skills:
 + Level 1.5 Fighting
 * Level 2.4 Ranged Weapons
 - Level 1.7 Dodging
 + Level 1.4 Spellcasting
 * Level 4.1 Hexes
 + Level 0.5 Fire Magic


You couldn't memorise any spells.
You knew the following spells:

 Your Spells              Type           Power      Damage    Failure   Level
a - Slow                  Hex            48%        N/A       4%          1
b - Inner Flame           Hex/Fire       7%         N/A       28%         3

Your spell library contained the following spells:

 Spells                   Type           Power      Damage    Failure   Level
 Sandblast                Erth           2%         2d4       26%         1
 Portal Projectile        Hex/Tloc       12%        N/A       32%         3
 Cigotuvi's Dreadful Rot  Necr/Pois/Air  2%         N/A       36%         2
 Passwall                 Tmut/Erth      0%         N/A       36%         2
 Cause Fear               Hex            6%         N/A       41%         4
 Ozocubu's Armour         Ice            1%         N/A       58%         3
 Stone Arrow              Conj/Erth      2%         3d7       58%         3
 Dispel Undead            Necr           1%         3d6       94%         4
 Iskenderun's Battlesphe  Conj           1%         2d6       100%        5
 Death Channel            Necr           0%         N/A       100%        6
 Iron Shot                Conj/Erth      0%         9d1       100%        6
 Ozocubu's Refrigeration  Ice            0%         4d7       100%        7
 Spellforged Servitor     Conj/Summ      0%         N/A       100%        7


Dungeon Overview and Level Annotations

Branches:
Dungeon (2/15)

Altars:

Shops:
D:2 :

Annotations:
D:2 Sigmund


Innate Abilities, Weirdness & Mutations

You cannot be hasted, slowed, berserked, paralysed or teleported.
You can dig through walls and to a lower floor.
You have a pair of large antennae on your head. (SInv)
Your four strong arms can wield two-handed weapons with a shield.


Message History

Casting: Slow (safe; 4% risk of failure)
Confirm with . or Enter, or press ? or * to list all spells.
The spell is extremely dangerous to miscast (28% risk of failure)!
Continue anyway?
Aiming: Inner Flame (extremely dangerous; 28% risk of failure)
Press: ? - help, Dir - move target, f - Sigmund, p - jackal
Aim: Sigmund, wielding a +0 scythe and wearing a +0 robe (slightly transparent, chance to affect: 62%) Sigmund is filled with an inner flame.
The jackal closely misses you. Sigmund closely misses you.
Fire: a) +1 sling
Press: ? - help, Shift-Dir - straight line, f/p - Sigmund
Aim: Sigmund, wielding a +0 scythe and wearing a +0 robe (inner flame, slightly transparent, 53% to hit)
You shoot a sling bullet.
The sling bullet hits Sigmund but does no damage.
The jackal bites you but does no damage.
The jackal bites you.
Sigmund hits you from afar with a +0 scythe!
* * * LOW HITPOINT WARNING * * *
Fire: a) +1 sling
Press: ? - help, Shift-Dir - straight line, f/p - Sigmund
Aim: Sigmund, wielding a +0 scythe and wearing a +0 robe (inner flame, slightly transparent, 53% to hit)
You shoot a sling bullet.
The sling bullet closely misses Sigmund.
The jackal closely misses you. The jackal misses you.
Sigmund closely misses you.
Fire: a) +1 sling
Press: ? - help, Shift-Dir - straight line, f/p - Sigmund
Aim: Sigmund, wielding a +0 scythe and wearing a +0 robe (inner flame, slightly transparent, 53% to hit)
You shoot a sling bullet.
The sling bullet hits Sigmund but does no damage.
The jackal bites you but does no damage.
The jackal bites you.
* * * LOW HITPOINT WARNING * * *
Sigmund closely misses you.
Fire: a) +1 sling
Press: ? - help, Shift-Dir - straight line, f/p - Sigmund
Aim: Sigmund, wielding a +0 scythe and wearing a +0 robe (inner flame, slightly transparent, 53% to hit)
You shoot a sling bullet.
The sling bullet closely misses Sigmund.
The jackal bites you.
You die...

#.. #... #.. #..#
#... #####.##
#...###.....#
#.......###.# .
#.#..†### #.# ...####
#.###..## #..
#...@.## #.#
##..####.# #h@###.#
##..# .# ##..#..#
##.###.# #####....#
#...#.. #........##
###.# #....(....##
#.#
#..........######.##.
#........#...........
#................###.
#........#.......#


You could see Sigmund (inner flame, invisible) and a jackal.

Vanquished Creatures
  A worm (D:2)
  A dart slug (D:2)
  3 bats
  2 endoplasms
  A giant cockroach (D:2)
  2 goblins
  2 hobgoblins (D:1)
  2 jackals (D:2)
  A quokka (D:2)
  2 ball pythons
  A frilled lizard (D:2)
  2 rats
20 creatures vanquished.

Notes
Turn   | Place    | Note
-------+----------+-------------------------------------------
     0 | D:1      | Bnni the Formicid Hexslinger began the quest for the Orb.
     0 | D:1      | Reached XP level 1. HP: 15/15 MP: 2/2
   190 | D:1      | Reached XP level 2. HP: 21/21 MP: 3/3
   585 | D:2      | Found Ucuarott's Book Emporium.
   595 | D:2      | Reached skill level 4 in Hexes
   685 | D:2      | Reached XP level 3. HP: 21/26 MP: 5/5
   689 | D:2      | Learned a level 3 spell: Inner Flame
   813 | D:2      | Noticed Sigmund
   822 | D:2      | Slain by a jackal

Illustrated notes

Levels and vault maps discovered:
D:1:      minmay_arrival_shattered_statue, layout_basic
D:2:      layout_rooms, serial_shops, shop, uniq_sigmund

Skill      XL: |  1  2 |
---------------+-------+-----
Hexes          | 4 |  4.1
Fighting       | |  1.5
Ranged Weapons | |  2.4
Dodging        | |  1.7
Spellcasting   | |  1.4
Fire Magic     | |  0.5

Action                   || total
-------------------------++-------
 Fire: Sling             ||    81
 Cast: Slow              ||     1
       Inner Flame       ||     1
Armor: Robe              ||    12
Dodge: Dodged            ||    30

Table legend: (Time is in decaauts)
 A = Elapsed time spent in this place.
 B = Non-inter-level travel time spent in this place.
 C = Inter-level travel time spent in this place.
 D = Time resting spent in this place.
 E = Time spent auto-exploring this place.
 F = Levels seen in this place.
 G = Mean time per level.
                   A        B        C        D        E       F      G
               +--------+--------+--------+--------+--------+-----+--------+
         Total |    845 |    822 |     23 |      0 |    644 |   2 |  422.5 |
       Dungeon |    845 |    822 |     23 |      0 |    644 |   2 |  422.5 |
               +--------+--------+--------+--------+--------+-----+--------+

Top non-repeatable levels by time:
     D:1: 533 daAuts
     D:2: 311 daAuts
